 Dungeon Crawl Stone Soup version 0.31-a0-325-g067879e3d3 (webtiles) character file.

Game seed: 17033273620590924022

2 Ofeo the Changeling (level 1, 0/16 HPs)
             Began as a Demonspawn Shapeshifter on July 18, 2023.
             Slain by a rat (2 damage)
             ... on level 1 of the Dungeon.
             The game lasted 00:00:06 (161 turns).

Ofeo the Changeling (Demonspawn Shapeshifter)        Turns: 161, Time: 00:00:07

Health: 0/16       AC:  2    Str: 15    XL:     1   Next: 33%
Magic:  1/1        EV: 12    Int:  9    God:
Gold:   11         SH:  0    Dex: 13    Spells: 0/0 levels left

rFire   . .          .
                       - Unarmed
rCold   . . .        (no shield)
rNeg    . . .        a - +0 animal skin
rPois   .            (helmet currently unavailable)
rElec   .            (cloak currently unavailable)
rCorr   .            (gloves currently unavailable)
SInv    .            (boots currently unavailable)
Will    .....        (no amulet)
Stlth   +            (no ring)
HPRegen 0.22/turn    (no ring)
MPRegen 0.07/turn

%: no passive effects
@: beast-form
A: beast (slay +1)
a: Begin Untransformation


You were on level 1 of the Dungeon.
You were a hulking beast.
You visited 1 branch of the dungeon, and saw 1 of its levels.

You collected 11 gold pieces.

Inventory:

Armour
 a - a +0 animal skin (worn)
Talismans
 c - a beast talisman
Scrolls
 e - a scroll of brand weapon {unknown}
Potions
 b - a potion of lignification
 d - a potion of curing {unknown}


   Skills:
 + Level 2.0 Fighting
 + Level 1.8 Dodging
 + Level 1.8 Unarmed Combat
 + Level 2.7 Shapeshifting


You couldn't memorise any spells.
You didn't know any spells.
Your spell library contained the following spells:

 Spells                   Type           Power      Damage    Failure   Level
 Poisonous Vapours        Pois/Air       0%         N/A       52%         2
 Mephitic Cloud           Conj/Pois/Air  0%         N/A       77%         3
 Freezing Cloud           Conj/Ice/Air   0%         6-21      100%        5


Dungeon Overview and Level Annotations

Branches:
Dungeon (1/15)

Altars:


Message History

The jackal is severely wounded.
The rat misses you. The jackal bites you. x2
You take 4 damage, and have 6/16 hp.
MASSIVE DAMAGE!!
You are too injured to fight recklessly!
You are too injured to fight recklessly!
You are too injured to fight recklessly!
You are too injured to fight recklessly!
You are too injured to fight recklessly!
You are too injured to fight recklessly!
You are too injured to fight recklessly!
You are too injured to fight recklessly!
You are too injured to fight recklessly!
You are too injured to fight recklessly!
You are too injured to fight recklessly!
You are too injured to fight recklessly!
You are too injured to fight recklessly!
You are too injured to fight recklessly!
You are too injured to fight recklessly!
You are too injured to fight recklessly!
You are too injured to fight recklessly!
You are too injured to fight recklessly!
You are too injured to fight recklessly!
You are too injured to fight recklessly!
You hit the jackal.
The jackal is moderately wounded.
The jackal closely misses you. The jackal bites you. The rat barely misses you.
The jackal closely misses you. The jackal bites you.
You take 1 damage, and have 5/16 hp.
You hit the jackal. Your punch misses the jackal.
The jackal is severely wounded.
The rat bites you.
* * * LOW HITPOINT WARNING * * *
The jackal closely misses you. x2
You take 1 damage, and have 4/16 hp.
You closely miss the jackal.
The jackal is severely wounded.
The jackal bites you.
* * * LOW HITPOINT WARNING * * *
The jackal barely misses you. The rat bites you.
You die...

#.##.#..##.## #.#.
#.##.#....... #.#.
#..########## ....
###P~≈≈≈≈≈≈≈~ #..
####.P~~≈≈≈~~P #...
#.....P≈≈≈≈~P.
#...#####.##...P~≈≈P..
###...h.....##....P~P...
......hh.....#.....P....
......r.................
...................<....
###...####.###..........
#... ...# #.....P....
#... ##### #....P~P...
#.. #...P~~~P.. #..
#..P~~≈~~P. #.P~≈≈≈≈~~P


You could see 2 jackals and a rat.

Vanquished Creatures
  A jackal (D:1)
  A kobold (D:1)
2 creatures vanquished.

Notes
Turn   | Place    | Note
-------+----------+-------------------------------------------
     0 | D:1      | Ofeo the Demonspawn Shapeshifter began the quest for the
                  | Orb.
     0 | D:1      | Reached XP level 1. HP: 16/16 MP: 1/1
   161 | D:1      | Slain by a rat

Illustrated notes

Levels and vault maps discovered:
D:1:      eino_arrival_druids_welcome, layout_loops_cross,
          ebering_ecumenical_altar_hall

Action                     || total
---------------------------++-------
  Melee: Unarmed           ||    15
  Dodge: Dodged            ||    18

Table legend: (Time is in decaauts)
 A = Elapsed time spent in this place.
 B = Non-inter-level travel time spent in this place.
 C = Inter-level travel time spent in this place.
 D = Time resting spent in this place.
 E = Time spent auto-exploring this place.
 F = Levels seen in this place.
 G = Mean time per level.
                   A        B        C        D        E       F      G
               +--------+--------+--------+--------+--------+-----+--------+
         Total |    160 |    160 |      0 |      0 |    135 |   1 |  160.0 |
       Dungeon |    160 |    160 |      0 |      0 |    135 |   1 |  160.0 |
               +--------+--------+--------+--------+--------+-----+--------+

Top non-repeatable levels by time:
     D:1: 160 daAuts
